Map: Ruby Rock LE

Players

kwas - Winner!

  • Race: Zerg Zerg
  • League: Master
  • Spawn Location: 11:00

SCIInewby

  • Race: Zerg Zerg
  • League: Master
  • Spawn Location: 5:00

VOD

Have the link to the VOD?

Description

Time

  • Played on: Feb. 6, 2026, 4:01 p.m.
  • Length: 15:24
Show
View Real Time Build Order
Export as new Build Order

kwas Zerg - Winner!

Build Orders: Hatch First 

Get SALT Encoding   

  12  0:02  Drone  
  13  0:14  Overlord  
  13  0:17  Drone  
  14  0:33  Drone x2  
  16  0:49  Hatchery  
  15  0:51  Drone  
  15  0:55  Drone  
  17  0:59  Drone  
  18  1:08  Extractor  
  17  1:15  Spawning Pool  
  17  1:18  Drone  
  17  1:24  Drone  
  18  1:31  Drone  
  19  1:48  Overlord  
  19  2:04  Zergling x6  
  22  2:14  Queen x2  
  26  2:20  Drone x2  
  28  2:51  Drone x2  
  28  2:52  Drone x4  
  34  3:00  Lair  
  34  3:05  Zergling x4  
  36  3:23  Hatchery  
  36  3:41  Drone  
  36  3:42  Overlord x2  
  36  3:43  Overlord x5  
  36  3:49  Extractor  
  36  3:54  Extractor  
  33  3:56  Extractor  
  32  4:07  Drone x5  
  37  4:19  Drone x3  
  40  4:26  Drone  
  41  4:41  Queen  
  41  4:43  Overlord x6  
  43  4:49  Spire  
  42  4:56  Metabolic Boost  
  42  5:13  Drone  
  42  5:14  Drone x9  
  52  5:37  Drone x11  
  63  5:45  Extractor  
  62  6:00  Drone  
  62  6:01  Drone x2  
  65  6:12  Mutalisk x4  
  65  6:15  Mutalisk  
  65  6:17  Zergling x14  
  82  6:31  Evolution Chamber  
  81  6:33  Evolution Chamber  
  80  6:47  Hatchery  
  80  6:48  Mutalisk x3  
  85  6:54  Zerg Flyer Weapons Level 1  
  85  6:59  Drone x10, Extractor  
  94  7:12  Zerg Melee Weapons Level 1  
  94  7:18  Zerg Ground Armor Level 1  
  94  7:39  Extractor  
  93  7:48  Mutalisk x4  
  93  7:50  Zergling x12  
  93  7:51  Zergling x14  
  114  7:56  Overseer x2  
  114  8:02  Drone  
  114  8:03  Drone x7  
  122  8:12  Queen  
  124  8:23  Extractor  
  118  8:41  Mutalisk x7  
  122  9:01  Zergling x18  
  122  9:02  Zergling x20  
  110  9:47  Drone  
  110  9:48  Drone x11  
  122  10:01  Zerg Flyer Weapons Level 2  
  122  10:25  Mutalisk x10  
  122  10:28  Zergling x2, Overlord  
  104  11:19  Corruptor x12  
  114  11:44  Zergling x16  
  113  12:05  Zergling x20  
  115  12:16  Mutalisk x6  
  115  12:17  Mutalisk x3  
  115  12:18  Zerg Flyer Armor Level 1  
  115  12:20  Queen  
  135  12:25  Queen  
  135  12:28  Zergling x2  
  135  12:29  Zergling x10  
  142  13:31  Overlord x7  
  142  13:32  Overlord x3  
  120  13:59  Corruptor x10  
  120  14:00  Corruptor x3  
  126  14:10  Mutalisk  
  112  14:40  Zergling x18  
  112  14:41  Zergling x10  
Show
View Real Time Build Order
Export as new Build Order

SCIInewby Zerg 

Build Orders: Pool First 

Get SALT Encoding   

  12  0:01  Drone  
  13  0:08  Drone  
  13  0:13  Extractor  
  13  0:15  Drone  
  15  0:28  Overlord  
  15  0:39  Spawning Pool  
  14  0:47  Drone x2  
  16  1:03  Drone  
  17  1:10  Hatchery  
  16  1:17  Drone x2  
  18  1:21  Extractor, Drone  
  18  1:25  Extractor  
  17  1:34  Zergling x2  
  17  1:39  Queen  
  20  1:42  Drone  
  21  2:02  Drone  
  22  2:21  Queen  
  24  2:24  Drone  
  24  2:25  Drone x3  
  27  2:46  Zergling x2  
  28  2:53  Overlord x2  
  28  2:54  Roach Warren  
  28  2:55  Zergling x2  
  28  3:08  Extractor  
  28  3:09  Drone  
  28  3:11  Extractor, Drone x4  
  31  3:19  Drone x2  
  33  3:28  Drone  
  33  3:33  Drone x3  
  37  3:36  Drone  
  37  3:38  Drone  
  37  3:41  Drone  
  38  4:16  Drone  
  38  4:17  Drone x5  
  41  4:18  Spine Crawler  
  41  4:21  Spine Crawler  
  42  4:25  Drone x2  
  42  4:29  Lair  
  44  4:36  Evolution Chamber, Drone  
  44  4:37  Overlord x2  
  44  4:59  Roach x6  
  56  5:06  Overlord  
  58  5:21  Roach  
  58  5:22  Roach  
  58  5:23  Overlord x2  
  60  5:29  Spire  
  60  5:35  Roach x4  
  67  5:40  Queen  
  67  5:41  Hatchery  
  68  6:00  Roach  
  68  6:01  Roach x6  
  82  6:05  Zerg Missile Weapons Level 1  
  82  6:14  Roach  
  84  6:22  Burrow  
  84  6:23  Overlord x3  
  84  6:38  Overlord  
  84  6:39  Overlord  
  84  6:41  Mutalisk x3  
  84  6:46  Overlord  
  90  6:49  Drone  
  90  6:50  Drone  
  92  6:54  Drone x2  
  92  6:58  Overlord  
  94  7:02  Overseer x2  
  94  7:09  Mutalisk x2  
  94  7:14  Mutalisk  
  100  7:29  Mutalisk x4  
  106  7:36  Extractor  
  107  7:38  Drone x4  
  107  7:39  Extractor  
  110  7:52  Drone, Spine Crawler  
  110  7:53  Drone x2  
  110  7:55  Spine Crawler, Mutalisk  
  113  7:58  Mutalisk  
  113  8:01  Zergling x2  
  113  8:04  Zergling x2  
  113  8:05  Zergling x2  
  118  8:23  Drone x8  
  118  8:24  Infestation Pit  
  123  8:32  Mutalisk  
  123  8:33  Mutalisk x2  
  119  8:47  Zergling x6  
  119  8:48  Zergling x10  
  94  9:16  Zergling x2  
  81  9:17  Zergling x12  
  79  9:24  Drone  
  79  9:25  Drone x2  
  82  9:35  Spore Crawler  
  82  9:37  Spore Crawler  
  71  9:41  Hive, Mutalisk x4  
  71  9:43  Spore Crawler  
  71  9:44  Spore Crawler  
  72  9:49  Mutalisk  
  72  9:50  Mutalisk, Zergling x2  
  77  9:54  Overlord x2  
  77  9:57  Zergling x2  
  77  9:58  Zergling x4  
  80  10:16  Mutalisk x2  
  80  10:20  Pneumatized Carapace  
  93  10:22  Swarm Host  
  102  10:30  Zergling x6  
  102  10:31  Overlord, Corruptor  
  102  10:32  Corruptor x3  
  102  10:35  Corruptor  
  115  10:40  Corruptor  
  117  10:47  Zerg Flyer Armor Level 1  
  97  11:02  Mutalisk x5  
  100  11:22  Corruptor  
  100  11:23  Corruptor x3  
  102  11:37  Drone x3  
  83  12:10  Corruptor  
  83  12:11  Corruptor x7  
  97  12:43  Mutalisk x5  
  107  12:55  Greater Spire  
  107  13:12  Roach x6  
  121  13:13  Roach x2, Mutalisk  
  113  13:49  Corruptor  
  113  13:50  Corruptor x5  
  119  13:59  Mutalisk  
  89  14:20  Corruptor  
  89  14:21  Corruptor x3  
  95  14:31  Brood Lord  
Tags
 
Matchup
ZvZ
Race
Zerg
Replay Pack
Multiplayer
Spawn Locations
Cross Positions
Add a new tag
Caveats
  • Supply blocks, unpowered buildings, or Contaminate may cause inaccurate times.
  • Supply counts are checked every 10 seconds.